 Dungeon Crawl Stone Soup version 0.30.0-29-ga12c61a403 (webtiles) character file.

Game seed: 3840283648503363983

22 qw the Shield-Bearer (level 2, -2/19 HPs)
             Began as a Gargoyle Fighter on June 4, 2023.
             Killed from afar by Sigmund (9 damage)
             ... with a puff of flame
             ... on level 2 of the Dungeon.
             The game lasted 00:00:31 (720 turns).

qw the Shield-Bearer (Gargoyle Fighter)              Turns: 720, Time: 00:00:32

Health: -2/19      AC: 11    Str: 19    XL:     2   Next: 91%
Magic:  2/2        EV:  7    Int:  8    God:
Gold:   21         SH:  4    Dex:  9    Spells: 1/1 levels left

rFire   . . .        Y - +0 war axe
rCold   . . .        c - +0 buckler
rNeg    + . .        h - +0 chain mail
rPois   inf          (no helmet)
rElec   +            (no cloak)
rCorr   .            (no gloves)
SInv    .            (no boots)
Will    .....        (no amulet) Stlth
                     (no ring)
HPRegen 0.23/turn    (no ring)
MPRegen 0.08/turn

%: no passive effects
@: no status effects
A: sickness immunity, AC +2, negative energy resistance 1, electricity
resistance, torment resistance 1, petrification resistance
a: no special abilities


You were on level 2 of the Dungeon.
You visited 1 branch of the dungeon, and saw 2 of its levels.

You collected 21 gold pieces.


Innate Abilities, Weirdness & Mutations

You are immune to sickness and miasma.
Your stone body is resilient. (AC +2)
You are immune to poison.
You resist negative energy. (rN+)
You are resistant to electric shocks. (rElec)
You are resistant to unholy torment.
You are immune to petrification.


   Skills:
 - Level 3.2 Fighting
 + Level 3.0 Axes
 - Level 3.2 Armour
 - Level 3.2 Shields


You had one spell level left.
You didn't know any spells.
Your spell library was empty.

Inventory:

Hand Weapons
 k - a +0 club
 Y - a +0 war axe (weapon)
Armour
 c - a +0 buckler (worn)
 h - a +0 chain mail (worn)
Jewellery
 e - a ring of ice
Potions
 a - a potion of curing {unknown}
 d - a potion of might
 i - a potion of attraction {unknown}

Dungeon Overview and Level Annotations

Branches:
Dungeon (2/15)

Altars:

Annotations:
D:2 Sigmund


Message History

You barely miss the frilled lizard. The bat hits you.
The frilled lizard barely misses you. The bat hits you but does no damage.
The frilled lizard barely misses you.
You closely miss the bat. You hit the frilled lizard.
The bat closely misses you. The bat hits you but does no damage.
The frilled lizard bites you but does no damage.
You closely miss the frilled lizard.
The frilled lizard is heavily wounded.
The bat hits you but does no damage.
The frilled lizard bites you but does no damage.
You hit the frilled lizard but do no damage.
The frilled lizard is heavily wounded.
You hit the bat.
You kill the bat!
The frilled lizard bites you but does no damage. x2
You miss the frilled lizard.
The frilled lizard is heavily wounded.
The frilled lizard bites you but does no damage.
You slash the frilled lizard!
You kill the frilled lizard!
You see here a bat corpse.
a - a murky red potion Sigmund the Dreaded comes into view.
He is wielding a +0 scythe.
Sigmund shouts!
Sigmund points at you and mumbles some strange words.
The puff of flame hits you!
Sigmund hits you from afar with a +0 scythe.
Found an escape hatch in the floor.
Sigmund barely misses you.
You barely miss Sigmund. Sigmund hits you but does no damage.
You closely miss Sigmund. Sigmund hits you with a +0 scythe.
You closely miss Sigmund. You hit Sigmund but do no damage.
Sigmund closely misses you.
You closely miss Sigmund.
Sigmund points at you and mumbles some strange words.
The puff of flame hits you!
You die...

#######
#.%...#
#<%...#
#.....#
#.....####
#........#
#.....##.#
#....@# #
#####@#
#.# #.#
#.# #.#
#.# #>#


You could see Sigmund.

Vanquished Creatures
  A dart slug (D:1)
  An endoplasm (D:1)
  A giant cockroach (D:1)
  2 goblins (D:1)
  3 hobgoblins (D:1)
  A quokka (D:1)
  2 bats
  2 frilled lizards
  2 kobolds (D:1)
  6 rats (D:1)
21 creatures vanquished.

Notes
Turn   | Place    | Note
-------+----------+-------------------------------------------
     0 | D:1      | qw the Gargoyle Fighter began the quest for the Orb.
     0 | D:1      | Reached XP level 1. HP: 14/14 MP: 1/1
     0 | D:1      | 0 ||| qw: Version: 0.2-a-106-g05974ce
     0 | D:1      | 0 ||| qw: Game counter: 1148
     0 | D:1      | 0 ||| qw: Always use a shield: true
     0 | D:1      | 0 ||| qw: God list: Okawaru
     0 | D:1      | 0 ||| qw: Allow faded altars: false
     0 | D:1      | 0 ||| qw: Do Orc after D:15 true
     0 | D:1      | 0 ||| qw: Do second Lair branch before Depths: true
     0 | D:1      | 0 ||| qw: Lair rune preference: random
     0 | D:1      | 0 ||| qw: Plans: Normal, Zot:1-4, Slime:5, God:TSO, Crypt,
                  | Tomb, Abyss, Pan, Hells, Win
     0 | D:1      | 0 ||| PLANNING D:1-11
   100 | D:1      | Reached XP level 2. HP: 15/19 MP: 2/2
   100 | D:1      | 100 ||| FLEEEEING.
   390 | D:1      | 390 ||| Stepping ~*~*~tactically~*~*~ (stealth).
   664 | D:1      | Reached skill level 3 in Axes
   673 | D:1      | 673 ||| UPGRADING to +0 chain mail.
   683 | D:1      | 683 ||| DROPPING +0 scale mail.
   684 | D:1      | 684 ||| DROPPING ring of wizardry.
   685 | D:1      | 685 ||| READING scroll labelled WATSUWK XEKLUSH.
   686 | D:1      | 686 ||| READING scroll labelled MIN WIHUDIPIRO.
   711 | D:2      | Noticed Sigmund
   720 | D:2      | Killed from afar by Sigmund

Levels and vault maps discovered:
D:1:      dpeg_arrival_rooms_c, layout_basic, minmay_pentomino_p4
D:2:      minmay_roachtagon, layout_rooms, basic_altar, uniq_jessica,
          uniq_sigmund

Skill      XL: |  1  2 |
---------------+-------+-----
Axes           | 2 3 |  3.0
Fighting       | |  3.2
Armour         | |  3.2
Shields        | |  3.2

Action                     || total
---------------------------++-------
  Melee: War axe           ||    86
    Use: Scroll            ||     2
 Armour: Scale mail        ||    40
         Chain mail        ||    10
  Dodge: Dodged            ||    30
  Block: Buckler           ||     9

Table legend:
 A = Non-vault XP
 B = Vault XP
 C = Vault XP percentage of total XP
 D = Non-vault monster count
 E = Vault monster count
 F = Vault count percentage of total count
                 A         B        C        D         E       F
            +---------+---------+-------+---------+---------+-------
      Total |      30 |       2 |   6.2 |      19 |       2 |   9.5
            +---------+---------+-------+---------+---------+-------
        D:1 |      28 |       2 |   6.7 |      17 |       2 |  10.5
        D:2 |       2 |       0 |   0.0 |       2 |       0 |   0.0
            +---------+---------+-------+---------+---------+-------
